AoeStats
← [KMNB] Bandeira

Lombardia

510103271Analyzed
2v2 RM · 3d ago on Sep 29, 2026· 13m 35s· 4 players
Game mode
Random Map
Map size
Medium (4 player)
Population
200
Speed
Normal
Resources
Standard
Victory
Conquest
Starting age
Dark Age
Ending age
Imperial Age
RankedLock teamsTeams togetherTeam positionsShared explorationLock speedFull tech treeHidden civsTurbo modeCheats
Victory
Defeat
🇲🇾 Magyars · Malaysia
1560
+13
🇱🇰 Italians · Sri Lanka
1559
+13
🇧🇷 Magyars · Brazil
1542
-14
🇧🇷 Italians · Brazil
1466
-12
[KMNB] Dedão
4:05 Loom
6:48 Loom
9:16 Feudal Age
10:14 Double-Bit Axe
[KMNB] Bandeira
6:48 Loom
9:13 Feudal Age
12:45 Double-Bit Axe
13:43 Scale Barding Armor
dbs00
6:22 Loom
8:49 Feudal Age
12:06 Fletching
Brotus
8:59 Feudal Age
8:39 Loom
10:01 Double-Bit Axe
10:13 Horse Collar
Connection lost

Rejoining the realm…

Still unreachable

The connection could not be restored.

Session expired

The server has moved on; the page needs a fresh start.